 Dungeon Crawl Stone Soup version 0.27.1-15-g792fb953b9 (webtiles) character file.

Game seed: 8205659847519906584

10312 Borgoz the Fighter (level 11, -8/73 HPs)
             Began as a Gargoyle Berserker on Nov 18, 2021.
             Was an Elder of Trog.
             Mangled by a death scarab (14 damage)
             ... in a Gauntlet.
             The game lasted 00:15:18 (11417 turns).

Borgoz the Fighter (Gargoyle Berserker)            Turns: 11417, Time: 00:15:19

Health: -8/73      AC: 28    Str: 23    XL:     11   Next: 60%
Magic:  11/11      EV:  9    Int:  7    God:    Trog [****..]
Gold:   243        SH:  0    Dex: 11    Spells: 10/10 levels left

rFire    . . .     SeeInvis .   z - +0 morningstar (protect)
rCold    . . .     Faith    +   (no shield)
rNeg     + . .     Spirit   .   a - +0 plate armour
rPois    ∞         Reflect  .   k - +0 helmet
rElec    +         Harm     .   (no cloak)
rCorr    .         Rampage  .   j - +2 pair of gloves
Will     .....     NoTele   +   b - +0 pair of boots
Stlth    ..........             p - amulet of faith
HPRegen  0.22/turn              (no ring)
MPRegen  0.12/turn              (no ring)

@: slowed, very slow
A: sickness immunity, AC +8, negative energy resistance 1, electricity
resistance, torment resistance 1, petrification resistance
a: Renounce Religion, Berserk, Trog's Hand, Brothers in Arms


You were in a Gauntlet.
You worshipped Trog.
Trog was greatly pleased with you.
You visited 1 branch of the dungeon, and saw 11 of its levels.
You also visited: Gauntlet.

You collected 627 gold pieces.
You spent 384 gold pieces at shops.

Inventory:

Hand Weapons
 s - a +0 dire flail
 w - a +2 flail of protection
 z - a +0 morningstar of protection (weapon)
Missiles
 C - a throwing net (quivered)
Armour
 a - a +0 plate armour (worn)
 b - a +0 pair of boots (worn)
 e - a +0 troll leather armour
 j - a +2 pair of gloves (worn)
 k - a +0 helmet (worn)
Jewellery
 g - an amulet of reflection
 p - an amulet of faith (around neck)
 t - a ring of fire
 D - a ring of ice
Wands
 c - a wand of charming (11)
 q - a wand of flame (70)
 u - a wand of polymorph (7)
 x - a wand of paralysis (7)
 B - a wand of acid (8)
Scrolls
 h - 5 scrolls of enchant weapon
 i - 3 scrolls of brand weapon
 o - a scroll of blinking
 r - 4 scrolls of teleportation
 y - a scroll of summoning {unknown}
 E - a scroll of fear
 F - 2 scrolls of silence {unknown}
Potions
 d - 4 potions of attraction
 f - 2 potions of lignification
 m - 8 potions of curing
 n - 3 potions of might
 v - a potion of cancellation
 A - 2 potions of flight


   Skills:
 + Level 10.4 Fighting
 + Level 9.5 Maces & Flails
 + Level 10.1 Armour
 + Level 7.7 Dodging


You had 10 spell levels left.
You didn't know any spells.
Your spell library was empty.

Dungeon Overview and Level Annotations

Branches:
Dungeon (11/15)            Temple (0/1) D:4            Lair (0/6) D:11
    Orc (0/2) D:11        Gauntlet (1/1)

Altars:
Hepliaklqana
Okawaru
Ru
Uskayaw
Vehumet
Yredelemnul
Zin
The Shining One

Shops:
D:7 (   D:8 ?

Annotations:
D:4 1 runed translucent door, Gekot's ghost, amateur DEFE
D:9 2 transporters, diceflayer's ghost, journeyman MiFi Gauntlet 11 transporters


Innate Abilities, Weirdness & Mutations

You are immune to sickness and miasma.
Your stone body is resilient. (AC +8)
You are immune to poison.
You resist negative energy. (rN+)
You are resistant to electric shocks. (rElec)
You are resistant to unholy torment.
You are immune to petrification.


Message History

The death scarab bites you but does no damage.
The death scarab bites you! The death scarab bites you!!
The death scarab drains your vigour!
You feel yourself slow down.
The spectral boulder beetle waves its antennae.
The death scarab bites you. The death scarab drains your vigour!
You feel as though you will be slow longer.
You sock the spectral death yak!
Your weapon exudes an aura of protection.
The spectral death yak is lightly damaged.
The death scarab bites you but does no damage.
The death scarab closely misses you.
The spectral death yak gores you but does no damage.
The death scarab barely misses you.
The death scarab bites you but does no damage.
The spectral cane toad hits you but does no damage.
The spectral death yak gores you.
The spectral cane toad hits you but does no damage.
The spectral cane toad hits you!
There is a transporter landing site here.
The spectral cane toad hits you but does no damage.
The death scarab bites you. The spectral cane toad hits you.
* * * LOW HITPOINT WARNING * * *
The death scarab bites you.
* * * LOW HITPOINT WARNING * * *
The death scarab drains your vigour!
You feel as though you will be slow longer.
The death scarab bites you but does no damage.
The death scarab bites you!
* * * LOW HITPOINT WARNING * * *
The death scarab bites you but does no damage. x2
The spectral cane toad hits you but does no damage.
Blink to where?
Press: ? - help, Dir - move target There's something in the way.
Okay, then.
Press: ? - help, v - describe, . - travel, g - get item Item here: a pair of embroidered gloves.
The floor.
The death scarab bites you!
You die...

.#.......GG#...#.......YY#..#8#
.###########...###########..###
.............≈....#.©.#.....#
≈...........§8≈...#...#.8...###
.............≈....#.©.#.....#8#
.###########...###########..###
.#..[.©.)..#...#...!©[$..#..#
.#####.##.##...#.........#..###
###.##.##.##...#@#######.#..#8#
.#..#.....x#...#B#Z#.#.#.#..###
©###.##.##g#...#BZ.Z©....#..#
.###©##.##g#...##.#.#.#.##..###
##...#.....#...#.#######.#..#8#
.#..#.##.###.∩.#.........#..###
.#.##.##.###...#.........#..#
.###########...###########..###
......©.............©.......#8#


You could see a spectral death yak, a spectral cane toad, a spectral boulder
beetle, a worldbinder, 2 death scarabs and 2 boggarts.

Vanquished Creatures
  A two-headed ogre (D:9)
  A gargoyle (D:10)
  A kobold demonologist (D:9)
  Maggie (D:8)
  A troll (D:8)
  A hornet (D:10)
  2 wraiths (D:9)
  15 yaks
  A wyvern (D:8)
  A steam dragon (D:6)
  3 water moccasins
  2 orc warriors
  5 ogres
  The ghost of Garym the Covered, an amateur MiFi (D:3)
  3 black bears
  An ice beast (D:5)
  2 necrophages
  5 centaurs
  6 kobold brigands
  2 scorpions
  4 bullfrogs
  3 killer bees (D:7)
  4 wights (D:5)
  2 bullfrog skeletons (D:5)
  2 jellies
  A gnoll shaman (D:7)
  6 hounds
  A centaur skeleton (D:4)
  4 orc priests
  2 orc wizards
  A scorpion simulacrum (D:3)
  Robin (D:2)
  7 gnolls
  4 adders
  A hound simulacrum (D:3)
  An ufetubus (D:4)
  An adder skeleton (D:4)
  2 worms
  A dart slug (D:1)
  2 adder simulacra (D:3)
  25 orcs
  4 endoplasms
  3 giant cockroaches
  9 goblins
  9 hobgoblins
  4 jackals (D:4)
  3 quokkas (D:1)
  8 ball pythons
  7 bats
  A frilled lizard (D:1)
  A jackal simulacrum (D:3)
  19 kobolds
  13 rats
211 creatures vanquished.

Vanquished Creatures (collateral kills)
  A hydra (D:11)
  A death knight (D:11)
  2 phantasmal warriors (D:11)
  A freezing wraith (D:11)
  A troll (D:11)
  4 yaks (D:11)
  An orc warrior (D:6)
  An orc priest (D:6)
  2 orc wizards (D:6)
  An orc (D:6)
15 creatures vanquished.

Vanquished Creatures (others)
  A bush (D:7)
1 creature vanquished.

Grand Total: 227 creatures vanquished

Notes
Turn   | Place    | Note
-------+----------+-------------------------------------------
     0 | D:1      | Borgoz the Gargoyle Berserker began the quest for the Orb.
     0 | D:1      | Reached XP level 1. HP: 14/14 MP: 1/1
   496 | D:1      | Reached XP level 2. HP: 19/19 MP: 2/2
   880 | D:1      | Found a faded altar of an unknown god.
  1510 | D:2      | Reached XP level 3. HP: 24/24 MP: 3/3
  1520 | D:2      | Noticed Robin
  1531 | D:2      | Killed Robin
  1540 | D:2      | Reached ** piety under Trog
  1673 | D:2      | Found a hazy altar of Hepliaklqana.
  1725 | D:2      | Reached XP level 4. HP: 29/29 MP: 4/4
  2273 | D:3      | Found a runed translucent gate.
  2273 | D:3      | Found a runed translucent gate.
  2273 | D:3      | Found a runed translucent gate.
  2475 | D:3      | Noticed Garym's ghost (amateur MiFi)
  2799 | D:3      | Found an iron altar of Okawaru.
  3063 | D:4      | Noticed a necrophage
  3083 | D:4      | Killed a necrophage
  3084 | D:4      | Reached XP level 5. HP: 22/34 MP: 5/5
  3224 | D:4      | Reached XP level 6. HP: 39/39 MP: 6/6
  3291 | D:4      | Found a staircase to the Ecumenical Temple.
  3319 | D:4      | Found a runed translucent door.
  3319 | D:4      | Noticed Gekot's ghost (amateur DEFE)
  3381 | D:4      | Found a glowing silver altar of Zin.
  3793 | D:4      | Found a glowing golden altar of the Shining One.
  4064 | D:3      | Reached *** piety under Trog
  4121 | D:3      | Killed Garym's ghost
  4122 | D:3      | Reached skill level 5 in Fighting
  4122 | D:3      | Reached XP level 7. HP: 44/44 MP: 7/7
  4267 | D:5      | Entered Level 5 of the Dungeon
  4434 | D:5      | Reached skill level 5 in Maces & Flails
  4681 | D:5      | Reached skill level 5 in Armour
  4739 | D:5      | Reached XP level 8. HP: 51/51 MP: 8/8
  5691 | D:5      | Reached XP level 9. HP: 49/56 MP: 9/9
  5993 | D:6      | Reached skill level 5 in Dodging
  6061 | D:6      | Reached **** piety under Trog
  7224 | D:7      | Found Ylaajuge's Antique Weapon Emporium.
  7262 | D:7      | Bought a runed morningstar for 196 gold pieces
  8056 | D:8      | Found a sacrificial altar of Ru.
  8244 | D:8      | Reached XP level 10. HP: 64/64 MP: 10/10
  8469 | D:8      | Found a hide-covered altar of Uskayaw.
  8488 | D:8      | Noticed Maggie
  8501 | D:8      | Killed Maggie
  8624 | D:8      | Found Cusiryxt's Magic Scroll Shoppe.
  8634 | D:8      | Bought a scroll of identify for 26 gold pieces
  8634 | D:8      | Bought a scroll of identify for 26 gold pieces
  8634 | D:8      | Bought a scroll of identify for 26 gold pieces
  8634 | D:8      | Bought a scroll of fear for 45 gold pieces
  8634 | D:8      | Bought a scroll of teleportation for 39 gold pieces
  8634 | D:8      | Bought a scroll of identify for 26 gold pieces
  8832 | D:9      | Found a hazy altar of Hepliaklqana.
  8890 | D:9      | Found a transporter.
  8891 | D:9      | Noticed diceflayer's ghost (journeyman MiFi)
  8941 | D:9      | Noticed a two-headed ogre
  8952 | D:9      | Killed a two-headed ogre
  9038 | D:9      | Found a radiant altar of Vehumet.
  9315 | D:9      | Found a transporter.
  9629 | D:10     | Entered Level 10 of the Dungeon
  9629 | D:10     | Noticed a kobold demonologist
  9629 | D:10     | Found a basalt altar of Yredelemnul.
  9644 | D:9      | Killed a kobold demonologist
  9773 | D:10     | Reached ***** piety under Trog
 10022 | D:9      | Reached XP level 11. HP: 37/71 MP: 11/11
 10853 | D:10     | Reached skill level 10 in Fighting
 11116 | D:11     | Noticed an eight-headed hydra
 11122 | D:11     | Killed an eight-headed hydra
 11125 | D:11     | Noticed a phantasmal warrior
 11130 | D:11     | Killed a phantasmal warrior
 11136 | D:11     | Noticed a death knight
 11136 | D:11     | Noticed a phantasmal warrior
 11144 | D:11     | HP: 1/72 [yak (7)]
 11145 | D:11     | Killed a death knight
 11146 | D:11     | Reached skill level 10 in Armour
 11148 | D:11     | Killed a phantasmal warrior
 11200 | D:11     | Found a gate leading to a gauntlet.
 11215 | Gauntlet | Entered a Gauntlet
 11215 | Gauntlet | Noticed a worldbinder
 11215 | Gauntlet | Noticed a death scarab
 11215 | Gauntlet | Noticed a death scarab
 11215 | Gauntlet | Found a transporter.
 11215 | Gauntlet | Found a transporter.
 11215 | Gauntlet | Found a transporter.
 11225 | Gauntlet | Found a transporter.
 11239 | Gauntlet | Found the ring of the Mage {Wiz Will++ Int+3}
 11241 | Gauntlet | Found a transporter.
 11250 | Gauntlet | Found a transporter.
 11260 | Gauntlet | Found a transporter.
 11276 | Gauntlet | Found a transporter.
 11282 | Gauntlet | Found a transporter.
 11293 | Gauntlet | Noticed a dire elephant
 11296 | Gauntlet | Found a transporter.
 11313 | Gauntlet | Found a transporter.
 11317 | Gauntlet | Found a transporter.
 11326 | Gauntlet | Noticed a spectral death yak
 11417 | Gauntlet | Mangled by a death scarab

Illustrated notes

Levels and vault maps discovered:
D:1:      dpeg_arrival_three_same_balls, layout_basic,
          hellmonk_ecumenical_altar_zigzags
D:2:      layout_loops_cross, basic_altar, chequers_serial_rivers_small_3,
          uniq_robin
D:3:      layout_basic, mainiacjoe_overflow_alcove_2, gammafunk_ghost_icy,
          minmay_fountain_box
D:4:      layout_cave_pools, zin_scriptorium, tso_altar,
          minmay_temple_entry_trees, gammafunk_ghost_grave, serial_column_ruins,
          column_ruins_grid_2, column_ruins_corridor_straight,
          column_ruins_grid_1, column_ruins_corridor_corner,
          column_ruins_open_tiny, minmay_fractal_squares_gapless_5
D:5:      layout_rooms, minmay_misc_feat_more_columns
D:6:      layout_basic, kennysheep_donut, patterned_corridor
D:7:      layout_gridville, serial_shops, nicolae_diamond_shop,
          kb_lookout_dungeons_type, minmay_misc_feat_tower,
          minmay_misc_feat_cross
D:8:      layout_rooms, mainiacjoe_overflow_small_starburst,
          mainiacjoe_overflow_catwalk, serial_shops, nicolae_stop_n_shop_1,
          uniq_maggie
D:9:      layout_stronghold, mainiacjoe_overflow_boulevard,
          vehumet_altar_wand_db, gammafunk_ghost_mausoleum
D:10:     layout_rooms, lemuel_crystal_altar, hangedman_decor_growths
D:11:     minmay_slanted_spiral_squares, layout_basic, gauntlet_entry_generic
Gauntlet: gammafunk_gauntlet_shortcut [gammafunk_gauntlet_arena_teeth,
          gammafunk_gauntlet_arena_grid, gammafunk_gauntlet_arena_crates,
          gammafunk_gauntlet_arena_split_x, nicolae_gauntlet_arena_t_cross,
          gammafunk_gauntlet_arena_hedges, gauntlet_exit_green]

Skill      XL: |  1  2  3  4  5  6  7  8  9 10 11 |
---------------+----------------------------------+-----
Dodging        | 2 3 4 5 7 |  7.7
Armour         | 3 4 5 6 7 9 10 | 10.1
Fighting       | 4 5 6 8 9 10 | 10.4
Maces & Flails | 4 5 6 7 8 9 |  9.5

Action                   |  1- 3 |  4- 6 |  7- 9 | 10-12 || total
-------------------------+-------+-------+-------+-------++-------
Melee: Mace              |    99 |   156 |   171 |       ||   426
       Morningstar       |       |    27 |    90 |   281 ||   398
       Flail             |       |       |    62 |       ||    62
Invok: Berserk           |     1 |     3 |     8 |     2 ||    14
       Trog's Hand       |       |       |     1 |     3 ||     4
       Brothers in Arms  |       |       |     1 |     2 ||     3
Evoke: Wand              |       |       |       |     6 ||     6
  Use: Scroll            |       |     5 |     4 |     8 ||    17
       Potion            |       |       |     4 |     2 ||     6
 Stab: Sleeping          |     1 |       |       |       ||     1
       Paralysed         |       |       |       |     4 ||     4
Armor: Animal skin       |    22 |       |       |       ||    22
       Chain mail        |    16 |   144 |   182 |       ||   342
       Plate armour      |       |       |   160 |   282 ||   442
Dodge: Dodged            |    53 |    97 |   231 |   159 ||   540
Block: Other             |    25 |     4 |       |       ||    29
       Reflection        |     1 |       |       |       ||     1
